 Dungeon Crawl Stone Soup version 0.28.0-53-g5a82cb258f (webtiles) character file.

Game seed: 16891922825832287550

853 Gabide the Stinger (level 7, -5/57 HPs)
             Began as a Demigod Venom Mage on June 28, 2022.
             Slain by Prince Ribbit (16 damage)
             ... on level 3 of the Dungeon.
             The game lasted 00:17:27 (6459 turns).

Gabide the Stinger (Demigod Venom Mage)             Turns: 6459, Time: 00:17:28

Health: -5/57      AC:  2    Str:  9    XL:     7   Next: 42%
Magic:  11/14      EV: 19    Int: 25    God:
Gold:   176        SH:  0    Dex: 19    Spells: 6/12 levels left

rFire   + . .      SeeInvis .     - Unarmed
rCold   . . .      Faith    .   (shield currently unavailable)
rNeg    . . .      Spirit   .   (armour currently unavailable)
rPois   x          Reflect  .   (helmet currently unavailable)
rElec   .          Harm     .   (cloak currently unavailable)
rCorr   .          Rampage  .   (gloves currently unavailable)
Will    .....                   (boots currently unavailable)
Stlth   ++........              (no amulet)
HPRegen 0.19/turn               a - ring of protection from fire
MPRegen 0.14/turn               (no ring)

@: spider-form
A: venomous fangs, tiny, high MP 1, forlorn, divine attributes
a: End Transformation


You were on level 3 of the Dungeon.
You were a venomous arachnid creature.
You visited 1 branch of the dungeon, and saw 5 of its levels.

You collected 176 gold pieces.

Inventory:

Hand Weapons
 q - a +1 short sword of draining
Armour
 g - a +2 pair of boots (melded)
 n - a +0 leather armour (melded)
Jewellery
 a - a ring of protection from fire (left front leg)
 r - a ring of ice
Wands
 j - a wand of flame (15)
 l - a wand of paralysis (7)
Scrolls
 d - 3 scrolls of teleportation
 e - a scroll of vulnerability {unknown}
 h - a scroll of noise {unknown}
 o - a scroll of enchant armour {unknown}
Potions
 c - a potion of heal wounds {unknown}
 k - 2 potions of attraction
 m - a potion of invisibility {unknown}
 p - a potion of berserk rage {unknown}


   Skills:
 - Level 3.0 Fighting
 - Level 2.0 Dodging
 - Level 2.0 Stealth
 + Level 2.9 Unarmed Combat
 - Level 3.0 Spellcasting
 - Level 4.5 Transmutations
 - Level 4.5 Poison Magic


You had 6 spell levels left.
You knew the following spells:

 Your Spells              Type           Power      Damage    Failure   Level
a - Sting                 Tmut/Pois      100%       1d8       7%          1
b - Poisonous Vapours     Pois/Air       30%        N/A       17%         2
c - Spider Form           Tmut/Pois      26%        N/A       14%         3

Your spell library contained the following spells:

 Spells                   Type           Power      Damage    Failure   Level
 Animate Skeleton         Necr           6%         N/A       24%         1
 Apportation              Tloc           6%         N/A       24%         1
 Summon Small Mammal      Summ           12%        N/A       24%         1
 Ensorcelled Hibernation  Hex/Ice        6%         N/A       34%         2
 Mephitic Cloud           Conj/Pois/Air  11%        N/A       34%         3
 Olgreb's Toxic Radiance  Pois           26%        N/A       34%         4
 Anguish                  Hex/Necr       1%         N/A       86%         4


Dungeon Overview and Level Annotations

Branches:
Dungeon (5/15)
 Temple: D:4-7

Shops:
D:1 :   D:4 (

Annotations:
D:3 Prince Ribbit


Innate Abilities, Weirdness & Mutations

You are a venomous arachnid creature.
You have poisonous fangs.
You are tiny and dextrous.
Your spellcasting is less reliable in this form.
Your armour is entirely melded.
You are incapable of wielding weapons or throwing items.
You have an increased reservoir of magic. (+10% MP)
You shall have no god before yourself.
Your divine heritage dramatically boosts your attributes as you level up.


Message History

Prince Ribbit barely misses you. Prince Ribbit hits you.
There is a stone staircase leading up here.
Prince Ribbit barely misses you.
You climb upwards.
There is a stone staircase leading down, spattered with blood here.
You see here 3 potions of degeneration.
Unknown command.
Casting: Spider Form (dangerous; 7% risk of failure)
Confirm with . or Enter, or press ? or * to list all spells.
You turn into a venomous arachnid creature.
Your +2 pair of boots melds into your body.
Your +0 leather armour melds into your body.
Prince Ribbit misses you.
Prince Ribbit blinks!
Aiming: Paralyse
Press: ? - help, Shift-Dir - straight line, f - Prince Ribbit
Aim: Prince Ribbit (chance to affect: 31%) Prince Ribbit easily resists.
Prince Ribbit blinks!
Your magical contamination has completely faded away.
Prince Ribbit closely misses you.
You hit Prince Ribbit.
Prince Ribbit is poisoned.
Prince Ribbit is lightly wounded.
Prince Ribbit hits you!
You hit Prince Ribbit.
Prince Ribbit looks as sick as possible!
Prince Ribbit is lightly wounded.
Prince Ribbit blinks!
Prince Ribbit blinks!
You barely miss Prince Ribbit.
Prince Ribbit is moderately wounded.
Prince Ribbit hits you! Prince Ribbit closely misses you.
Prince Ribbit hits you!
You hit Prince Ribbit.
Prince Ribbit is heavily wounded.
Prince Ribbit hits you!
* * * LOW HITPOINT WARNING * * *
You hit Prince Ribbit but do no damage.
Prince Ribbit looks as sick as possible!
Prince Ribbit is heavily wounded.
Prince Ribbit hits you!
You die...

#########.##..................
#..........#.#.###############
#.#######.#...## # #.# #.##.## #
###.### #.##.# # #.....# #.##.# #
#.....#####.##.# #
#..............######### #
##.....#####....sF..>...# #
.#.....# #.#.########.# #
.#.#.### #.#.# ##.#########
.#.#.#######.#.# ##..(##.....#
.#.#.........#.######.....#.###..
.#.###########..##..........# #..
.#.# ##.#.#.##..#..#.###.. .#.#
#######.###.....###.......# .#.#
#......## ##.#########.####


You could see Prince Ribbit (extremely poisoned).

Vanquished Creatures
  A black bear (D:4)
  An ogre (D:4)
  A necrophage (D:3)
  A wyvern zombie (D:4)
  2 scorpions
  An orc priest (D:3)
  3 hounds
  Jessica (D:2)
  Natasha (twice) (D:4 D:3)
  2 orc wizards
  A gnoll (D:3)
  4 adders
  A shadow imp (D:4)
  3 worms
  2 dart slugs
  6 orcs
  9 bats
  11 endoplasms
  6 giant cockroaches
  9 goblins
  9 hobgoblins
  4 jackals (D:2)
  5 kobolds
  3 quokkas
  13 ball pythons
  A frilled lizard (D:1)
  4 rats
106 creatures vanquished.

Notes
Turn   | Place    | Note
-------+----------+-------------------------------------------
     0 | D:1      | Gabide the Demigod Venom Mage began the quest for the Orb.
     0 | D:1      | Reached XP level 1. HP: 14/14 MP: 5/5
   232 | D:1      | Reached skill level 1 in Fighting
   475 | D:1      | Found Biaz's Book Shoppe.
   512 | D:1      | Reached XP level 2. HP: 23/23 MP: 1/7
   643 | D:1      | Reached skill level 1 in Transmutations
  1543 | D:2      | Reached XP level 3. HP: 19/29 MP: 0/8
  2690 | D:2      | Learned a level 2 spell: Poisonous Vapours
  2764 | D:2      | Noticed Jessica
  2770 | D:2      | Killed Jessica
  2771 | D:2      | Reached XP level 4. HP: 35/36 MP: 5/9
  4005 | D:3      | Reached XP level 5. HP: 40/41 MP: 6/11
  4126 | D:3      | Noticed a necrophage
  4133 | D:3      | Killed a necrophage
  4326 | D:3      | Reached XP level 6. HP: 43/50 MP: 1/12
  5308 | D:4      | Found Coodaiw's Weapon Shoppe.
  5513 | D:4      | Reached XP level 7. HP: 53/57 MP: 14/14
  5596 | D:4      | Noticed Natasha
  5604 | D:4      | Killed Natasha
  5733 | D:4      | Noticed Natasha
  5761 | D:3      | Killed Natasha
  5899 | D:4      | Learned a level 3 spell: Spider Form
  6057 | D:5      | Entered Level 5 of the Dungeon
  6104 | D:5      | Noticed Prince Ribbit
  6459 | D:3      | Slain by Prince Ribbit

Illustrated notes

Levels and vault maps discovered:
D:1:      dpeg_arrival_circle_labyrinth_a, layout_basic, serial_shops, shop
D:2:      wander_river, layout_basic, ebering_ecumenical_altar_ruins,
          minmay_pentomino_z4, uniq_jessica
D:3:      minmay_thinvault, layout_loops_ring,
          mainiacjoe_overflow_small_starburst, chequers_serial_rivers_room_b
D:4:      layout_basic, serial_shops, nicolae_shop_bloodbath_and_beyond,
          uniq_natasha
D:5:      layout_cave_pools, mainiacjoe_overflow_alcove_4, minmay_manual_maat,
          uniq_prince_ribbit1

Skill      XL: |  1  2  3  4  5  6  7 |
---------------+----------------------+-----
Fighting       | 1 2 3 |  3.0
Transmutations | 2 3 4 |  4.5
Poison Magic   | 3 4 |  4.5
Spellcasting   | 2 3 |  3.0
Dodging        | 2 |  2.0
Stealth        | 2 |  2.0
Unarmed Combat | 2 |  2.9

Action                   |  1- 3 |  4- 6 |  7- 9 || total
-------------------------+-------+-------+-------++-------
Melee: Unarmed           |    13 |       |    22 ||    35
       Dagger            |    11 |     6 |       ||    17
       Short sword       |       |    18 |       ||    18
 Cast: Sting             |    98 |    97 |    30 ||   225
       Poisonous Vapours |       |    14 |       ||    14
       Spider Form       |       |       |     3 ||     3
Evoke: Wand              |       |     9 |     1 ||    10
  Use: Scroll            |       |     2 |     3 ||     5
 Stab: Paralysed         |       |    16 |       ||    16
Armor: Robe              |    23 |     4 |       ||    27
       Leather armour    |       |    13 |     8 ||    21
       Skin              |       |       |     2 ||     2
Dodge: Dodged            |    52 |    19 |    64 ||   135
